Connexion

Sound Tigers vs Gulls

Created - 4 février 2024 at 07:12

Goals
1 2 3 T
Sound Tigers 2 1 1 4
Gulls 2 0 1 3
Shots
1 2 3 T
Sound Tigers 12 14 14 40
Gulls 13 16 8 37

GoalsPenalties
1st period
1. Sound Tigers , Ashton Sautner 9 (Tyler Pitlick 20, Lukas Sedlak 16) at 0:31 (PP)
2. Gulls , Linus Olund 20 (Mirco Mueller 36, Lukas Vejdemo 14) at 5:36
3. Sound Tigers , Joel Armia 45 (Jesper Fasth 31) at 9:43
4. Gulls , Dylan Sikura 27 (TJ Hensick 11, Sam Kurker 16) at 11:54
Dmitry Kulikov (SAN) for Holding (Minor) at 0:25
Christian Wolanin (BRP) for Tripping (Minor) at 19:34
2nd period
5. Sound Tigers , Rourke Chartier 11 (Christian Wolanin 38, Tyler Pitlick 21) at 3:44
Ryan MacInnis (BRP) for Tripping (Minor) at 15:25
3rd period
6. Sound Tigers , Martin Pospisil 6 (Markus Phillips 23, Ryan MacInnis 11) at 13:31
7. Gulls , Lars Eller 1 (Mirco Mueller 37) at 18:26
Phil Di Giuseppe (SAN) for Roughing (Minor) at 2:54
Joel Armia (BRP) for Roughing (Minor) at 2:54
Mirco Mueller (SAN) for Holding (Minor) at 11:23
Dalton Smith (SAN) for Hooking (Minor) at 13:44
Goalie Stats
Alex Lyon (BRP), 34 saves from 37 shots - (0,919), W, 24-17-1, 60:00 minutes
Janne Juvonen (SAN), 36 saves from 40 shots - (0,900), L, 10-10-0, 59:38 minutes
3 StarsOfficial
1 - Ashton Sautner (BRP)
2 - Martin Pospisil (BRP)
3 - Tyler Pitlick (BRP)
Referees : Jean Hebert and Steve Kozari
Linesman : Jonny Murray and Brian Mach
Game Note
Tyler Pitlick is injured at 4:25 of 2nd period (Concussion)
Finance
Level 1 -- Attendance: 1953 (97,65%) -- Ticket Income $68,355
Level 2 -- Attendance: 631 (63,10%) -- Ticket Income $15,144
Total Attendance: 2584 (86,13%)
Total Ticket Income: $83,499
Other Income: $16,700
Total Income: $100,199



Team Name Goals Shots Shots Attemp Shots Blocked PIM HIT PP PK FO%
Sound Tigers 4406896241 / 3 (33%)049%
Gulls 33768108240 / 2 (0%)151%

Sound Tigers
Player Name POS G A P +/- PIM HIT SHT SB MP PP MP PP SHT PK MP PK SHT FO% FOT
Ashton SautnerD1012006121:191:5531:4200% 0
Brett RitchieRW000103109:150:0000:0300% 0
Christian WolaninD0112250020:321:5500:5600% 0
Eric StaalC/LW0000015021:531:3510:59056% 34
Jesper FasthLW/RW0110016024:531:3502:56020% 5
Jimmy SchuldtD0000003114:140:0000:4600% 0
Jimmy VeseyLW/RW000-103108:200:0000:0000% 0
Joel ArmiaRW1010223024:181:3512:56029% 7
Jonny BrodzinskiC/RW000-100009:370:0000:0000% 0
Lukas SedlakC/LW0110033117:012:2920:00050% 4
Markus PhillipsD0110010013:280:0000:0000% 0
Martin PospisilC101100417:480:0000:00038% 13
Rourke ChartierC1010005018:232:2900:59067% 24
Ryan MacInnisC011-2200017:492:2300:00027% 11
Travis DermottD000-2021125:132:0912:1600% 0
Tyler PitlickC/RW022100106:300:0610:0000% 0
Yegor KorshkovLW000100108:140:0000:0300% 0
Zach BogosianD000-2030425:132:0902:1600% 0
Gulls
Player Name POS G A P +/- PIM HIT SHT SB MP PP MP PP SHT PK MP PK SHT FO% FOT
Alex LimogesC/LW000-2002112:100:0000:24065% 20
Dalton SmithLW000-2210011:461:3300:0000% 0
Dmitry KulikovD0001221326:052:2512:2100% 0
Dylan SikuraC/LW/RW101000409:370:0000:0000% 2
Fabian ZetterlundC/LW/RW0001003020:132:2500:00050% 4
Gustav BourammanD000-1010014:590:0000:0000% 0
Jean-Gabriel PageauC0001026024:162:2522:43057% 35
Lars EllerC/LW1011013019:211:3300:00050% 2
Linus OlundC1011005114:370:0002:17025% 16
Lucas CarlssonD0000020118:551:3301:4300% 0
Lukas VejdemoC/LW/RW011-1013022:380:0000:5700% 1
Marcus KallionkelliLW000000100:500:0000:5010% 1
Mirco MuellerD0221231124:382:2510:5400% 0
Phil Di GiuseppeLW/RW0001222014:442:2510:00050% 2
Ryan SheaD0000011119:081:3301:5600% 0
Sam KurkerRW0110053011:090:0000:0000% 1
TJ HensickC/RW0110001012:341:3300:57064% 14
Trevor MurphyD000-1031216:130:0001:1400% 0



Play-by-Play

1st period


0:01 of 1st period - Jean-Gabriel Pageau wins face-off versus Eric Staal in neutral zone.
0:23 of 1st period - Jesper Fasth is hit by Mirco Mueller and loses puck.
0:25 of 1st period - Minor Penalty to Dmitry Kulikov for Holding.
0:26 of 1st period - Rourke Chartier wins face-off versus Jean-Gabriel Pageau in Gulls zone.
0:29 of 1st period - Shot by Tyler Pitlick.
0:29 of 1st period - Stopped by Janne Juvonen with a rebound.
0:31 of 1st period - Shot by Ashton Sautner.
0:31 of 1st period - Goal by Ashton Sautner - Sound Tigers : 1 - Gulls : 0.
0:32 of 1st period - Rourke Chartier wins face-off versus Linus Olund in neutral zone.
1:38 of 1st period - Jimmy Vesey is hit by Gustav Bouramman and loses puck.
2:27 of 1st period - Icing by Jean-Gabriel Pageau.
2:28 of 1st period - Eric Staal wins face-off versus Jean-Gabriel Pageau in Gulls zone.
2:37 of 1st period - Shot by Lars Eller.
2:37 of 1st period - Stopped by Alex Lyon without a rebound.
2:38 of 1st period - Alex Limoges wins face-off versus Martin Pospisil in Sound Tigers zone.
2:45 of 1st period - Lukas Vejdemo is hit by Brett Ritchie and loses puck.
2:52 of 1st period - Shot by Yegor Korshkov.
2:52 of 1st period - Deflect By Martin Pospisil.
2:52 of 1st period - Stopped by Janne Juvonen without a rebound.
2:53 of 1st period - Jean-Gabriel Pageau wins face-off versus Eric Staal in Gulls zone.
3:24 of 1st period - Shot by Jesper Fasth.
3:24 of 1st period - Shot Blocked by Lucas Carlsson.
3:26 of 1st period - Shot by Eric Staal.
3:26 of 1st period - Stopped by Janne Juvonen with a rebound.
3:28 of 1st period - Shot by Eric Staal.
3:28 of 1st period - Stopped by Janne Juvonen without a rebound.
3:29 of 1st period - Alex Limoges wins face-off versus Rourke Chartier in Gulls zone.
3:40 of 1st period - Shot by Rourke Chartier.
3:40 of 1st period - Stopped by Janne Juvonen without a rebound.
3:41 of 1st period - Linus Olund wins face-off versus Martin Pospisil in Gulls zone.
3:50 of 1st period - Shot by Lukas Vejdemo.
3:50 of 1st period - Shot Blocked by Martin Pospisil.
3:52 of 1st period - Shot by Lukas Vejdemo.
3:52 of 1st period - Stopped by Alex Lyon without a rebound.
3:53 of 1st period - Eric Staal wins face-off versus Jean-Gabriel Pageau in Sound Tigers zone.
4:22 of 1st period - Shot by Eric Staal.
4:22 of 1st period - Shot Misses the Net.
4:30 of 1st period - Shot by Ashton Sautner.
4:30 of 1st period - Stopped by Janne Juvonen without a rebound.
4:31 of 1st period - Lukas Sedlak wins face-off versus Alex Limoges in Gulls zone.
4:32 of 1st period - Shot by Rourke Chartier.
4:32 of 1st period - Shot Blocked by Trevor Murphy.
4:56 of 1st period - Icing by Zach Bogosian.
4:57 of 1st period - TJ Hensick wins face-off versus Lukas Sedlak in Sound Tigers zone.
4:57 of 1st period - TJ Hensick is hit by Travis Dermott.
5:01 of 1st period - Shot by TJ Hensick.
5:01 of 1st period - Stopped by Alex Lyon without a rebound.
5:02 of 1st period - Jean-Gabriel Pageau wins face-off versus Eric Staal in Sound Tigers zone.
5:06 of 1st period - Icing by Jimmy Schuldt.
5:07 of 1st period - Eric Staal wins face-off versus Lukas Vejdemo in Sound Tigers zone.
5:36 of 1st period - Shot by Linus Olund.
5:36 of 1st period - Goal by Linus Olund - Sound Tigers : 1 - Gulls : 1.
5:37 of 1st period - Rourke Chartier wins face-off versus Jean-Gabriel Pageau in neutral zone.
5:42 of 1st period - Shot by Rourke Chartier.
5:42 of 1st period - Shot Misses the Net.
7:30 of 1st period - Icing by Mirco Mueller.
7:31 of 1st period - Martin Pospisil wins face-off versus Alex Limoges in Gulls zone.
7:44 of 1st period - Martin Pospisil is hit by Lukas Vejdemo and loses puck.
7:51 of 1st period - Shot by Martin Pospisil.
7:51 of 1st period - Shot Misses the Net.
8:14 of 1st period - Icing by Travis Dermott.
8:15 of 1st period - Jean-Gabriel Pageau wins face-off versus Martin Pospisil in Sound Tigers zone.
8:49 of 1st period - Shot by Joel Armia.
8:49 of 1st period - Stopped by Janne Juvonen without a rebound.
8:50 of 1st period - Rourke Chartier wins face-off versus Sam Kurker in Gulls zone.
9:43 of 1st period - Shot by Joel Armia.
9:43 of 1st period - Goal by Joel Armia - Sound Tigers : 2 - Gulls : 1.
9:44 of 1st period - Fabian Zetterlund wins face-off versus Eric Staal in neutral zone.
9:54 of 1st period - Shot by Ashton Sautner.
9:54 of 1st period - Stopped by Janne Juvonen with a rebound.
10:11 of 1st period - Icing by Christian Wolanin.
10:12 of 1st period - Eric Staal wins face-off versus Linus Olund in Sound Tigers zone.
10:20 of 1st period - Ashton Sautner is hit by Dmitry Kulikov and loses puck.
11:54 of 1st period - Shot by TJ Hensick.
11:54 of 1st period - Deflect By Dylan Sikura.
11:54 of 1st period - Goal by Dylan Sikura - Sound Tigers : 2 - Gulls : 2.
11:55 of 1st period - Rourke Chartier wins face-off versus TJ Hensick in neutral zone.
11:55 of 1st period - Markus Phillips is hit by Sam Kurker and loses puck.
12:02 of 1st period - Shot by Dylan Sikura.
12:02 of 1st period - Stopped by Alex Lyon with a rebound.
12:16 of 1st period - Jimmy Schuldt is hit by Lucas Carlsson and loses puck.
13:20 of 1st period - Icing by Mirco Mueller.
13:21 of 1st period - Martin Pospisil wins face-off versus Linus Olund in Gulls zone.
13:41 of 1st period - Icing by Trevor Murphy.
13:42 of 1st period - Eric Staal wins face-off versus Jean-Gabriel Pageau in Gulls zone.
13:42 of 1st period - Joel Armia is hit by Trevor Murphy and loses puck.
14:00 of 1st period - Icing by Lars Eller.
14:01 of 1st period - Jean-Gabriel Pageau wins face-off versus Ryan MacInnis in Gulls zone.
14:01 of 1st period - Jean-Gabriel Pageau is hit by Jimmy Vesey.
14:17 of 1st period - Shot by Jean-Gabriel Pageau.
14:17 of 1st period - Shot Misses the Net.
14:19 of 1st period - Shot by Lars Eller.
14:19 of 1st period - Shot Misses the Net.
14:21 of 1st period - Shot by Jean-Gabriel Pageau.
14:21 of 1st period - Shot Blocked by Zach Bogosian.
14:23 of 1st period - Shot by Trevor Murphy.
14:23 of 1st period - Shot Misses the Net.
14:25 of 1st period - Shot by Fabian Zetterlund.
14:25 of 1st period - Shot Blocked by Zach Bogosian.
14:27 of 1st period - Shot by Trevor Murphy.
14:27 of 1st period - Stopped by Alex Lyon with a rebound.
14:29 of 1st period - Shot by Lars Eller.
14:29 of 1st period - Shot Misses the Net.
14:31 of 1st period - Shot by Jean-Gabriel Pageau.
14:31 of 1st period - Stopped by Alex Lyon without a rebound.
14:32 of 1st period - Eric Staal wins face-off versus TJ Hensick in Sound Tigers zone.
14:40 of 1st period - Shot by Joel Armia.
14:40 of 1st period - Shot Blocked by Dmitry Kulikov.
15:02 of 1st period - TJ Hensick is hit by Jesper Fasth and loses puck.
15:55 of 1st period - Shot by Linus Olund.
15:55 of 1st period - Stopped by Alex Lyon without a rebound.
15:56 of 1st period - Martin Pospisil wins face-off versus Fabian Zetterlund in Sound Tigers zone.
16:17 of 1st period - Brett Ritchie is hit by Trevor Murphy.
16:38 of 1st period - Yegor Korshkov is hit by Trevor Murphy and loses puck.
16:51 of 1st period - Joel Armia is hit by Jean-Gabriel Pageau.
17:03 of 1st period - Shot by Eric Staal.
17:03 of 1st period - Shot Misses the Net.
17:21 of 1st period - Shot by Jesper Fasth.
17:21 of 1st period - Stopped by Janne Juvonen without a rebound.
17:22 of 1st period - Rourke Chartier wins face-off versus Linus Olund in Gulls zone.
17:27 of 1st period - Shot by Tyler Pitlick.
17:27 of 1st period - Shot Blocked by Mirco Mueller.
17:29 of 1st period - Shot by Jimmy Schuldt.
17:29 of 1st period - Stopped by Janne Juvonen without a rebound.
17:30 of 1st period - Rourke Chartier wins face-off versus Linus Olund in Gulls zone.
18:04 of 1st period - Shot by Tyler Pitlick.
18:04 of 1st period - Deflect By Lukas Sedlak.
18:04 of 1st period - Shot Blocked by Dmitry Kulikov.
18:20 of 1st period - Shot by Sam Kurker.
18:20 of 1st period - Stopped by Alex Lyon without a rebound.
18:21 of 1st period - Eric Staal wins face-off versus TJ Hensick in Sound Tigers zone.
18:33 of 1st period - Icing by Ryan Shea.
18:34 of 1st period - TJ Hensick wins face-off versus Ryan MacInnis in Gulls zone.
18:34 of 1st period - TJ Hensick is hit by Jimmy Vesey.
19:22 of 1st period - Jean-Gabriel Pageau is hit by Christian Wolanin and loses puck.
19:25 of 1st period - Shot by Mirco Mueller.
19:25 of 1st period - Shot Blocked by Ashton Sautner.
19:34 of 1st period - Minor Penalty to Christian Wolanin for Tripping.
19:35 of 1st period - Fabian Zetterlund wins face-off versus Joel Armia in Sound Tigers zone.
19:42 of 1st period - Shot by Phil Di Giuseppe.
19:42 of 1st period - Stopped by Alex Lyon without a rebound.
19:43 of 1st period - Jean-Gabriel Pageau wins face-off versus Jesper Fasth in Sound Tigers zone.
19:48 of 1st period - Shot by Dmitry Kulikov.
19:48 of 1st period - Stopped by Alex Lyon with a rebound.
19:58 of 1st period - Shot by Jean-Gabriel Pageau.
19:58 of 1st period - Stopped by Alex Lyon without a rebound.
19:59 of 1st period - Lars Eller wins face-off versus Joel Armia in Sound Tigers zone.
Goals for this period are 2 for Sound Tigers vs 2 for Gulls.
Shots for this period are 12 for Sound Tigers vs 13 for Gulls.

2nd period


0:01 of 2nd period - Jean-Gabriel Pageau wins face-off versus Joel Armia in neutral zone.
0:04 of 2nd period - Shot by Mirco Mueller.
0:04 of 2nd period - Stopped by Alex Lyon without a rebound.
0:05 of 2nd period - Phil Di Giuseppe wins face-off versus Joel Armia in Sound Tigers zone.
0:18 of 2nd period - Shot by Fabian Zetterlund.
0:18 of 2nd period - Shot Misses the Net.
0:26 of 2nd period - Shot by Jean-Gabriel Pageau.
0:26 of 2nd period - Stopped by Alex Lyon without a rebound.
0:27 of 2nd period - Jesper Fasth wins face-off versus Lars Eller in Sound Tigers zone.
0:55 of 2nd period - Shot by Lucas Carlsson.
0:55 of 2nd period - Shot Misses the Net.
1:42 of 2nd period - Shot by Ryan MacInnis.
1:42 of 2nd period - Shot Misses the Net.
1:44 of 2nd period - Shot by Jimmy Vesey.
1:44 of 2nd period - Stopped by Janne Juvonen without a rebound.
1:45 of 2nd period - Rourke Chartier wins face-off versus Linus Olund in Gulls zone.
1:57 of 2nd period - Rourke Chartier is hit by Mirco Mueller.
2:03 of 2nd period - Shot by Lukas Sedlak.
2:03 of 2nd period - Stopped by Janne Juvonen without a rebound.
2:04 of 2nd period - Jean-Gabriel Pageau wins face-off versus Ryan MacInnis in Gulls zone.
2:38 of 2nd period - Shot by Jean-Gabriel Pageau.
2:38 of 2nd period - Stopped by Alex Lyon without a rebound.
2:39 of 2nd period - Alex Limoges wins face-off versus Eric Staal in Sound Tigers zone.
2:40 of 2nd period - Shot by Lukas Vejdemo.
2:40 of 2nd period - Shot Misses the Net.
2:48 of 2nd period - Shot by Joel Armia.
2:48 of 2nd period - Shot Blocked by Dmitry Kulikov.
3:10 of 2nd period - Shot by Joel Armia.
3:10 of 2nd period - Shot Misses the Net.
3:39 of 2nd period - Tyler Pitlick is hit by Mirco Mueller and loses puck.
3:44 of 2nd period - Shot by Rourke Chartier.
3:44 of 2nd period - Goal by Rourke Chartier - Sound Tigers : 3 - Gulls : 2.
3:45 of 2nd period - Martin Pospisil wins face-off versus Fabian Zetterlund in neutral zone.
3:54 of 2nd period - Shot by Martin Pospisil.
3:54 of 2nd period - Stopped by Janne Juvonen with a rebound.
4:06 of 2nd period - Shot by Brett Ritchie.
4:06 of 2nd period - Stopped by Janne Juvonen with a rebound.
4:18 of 2nd period - Shot by Yegor Korshkov.
4:18 of 2nd period - Stopped by Janne Juvonen without a rebound.
4:19 of 2nd period - TJ Hensick wins face-off versus Rourke Chartier in Gulls zone.
4:24 of 2nd period - Tyler Pitlick is hit by Sam Kurker.
4:25 of 2nd period - Tyler Pitlick from Sound Tigers is injured at 4:25 of 2nd period (Concussion).
4:26 of 2nd period - Eric Staal wins face-off versus Dylan Sikura in Sound Tigers zone.
4:26 of 2nd period - Eric Staal is hit by Sam Kurker.
4:47 of 2nd period - Off-side.
4:48 of 2nd period - Rourke Chartier wins face-off versus Jean-Gabriel Pageau in neutral zone.
5:21 of 2nd period - Lars Eller is hit by Lukas Sedlak and loses puck.
5:45 of 2nd period - Icing by Travis Dermott.
5:46 of 2nd period - Linus Olund wins face-off versus Eric Staal in Sound Tigers zone.
5:59 of 2nd period - Shot by Linus Olund.
5:59 of 2nd period - Shot Misses the Net.
6:05 of 2nd period - Shot by Linus Olund.
6:05 of 2nd period - Shot Misses the Net.
6:24 of 2nd period - Shot by Lukas Vejdemo.
6:24 of 2nd period - Stopped by Alex Lyon without a rebound.
6:25 of 2nd period - TJ Hensick wins face-off versus Martin Pospisil in Sound Tigers zone.
6:40 of 2nd period - Shot by Yegor Korshkov.
6:40 of 2nd period - Shot Blocked by Trevor Murphy.
6:42 of 2nd period - Shot by Jimmy Schuldt.
6:42 of 2nd period - Stopped by Janne Juvonen without a rebound.
6:43 of 2nd period - Ryan MacInnis wins face-off versus Jean-Gabriel Pageau in Gulls zone.
6:47 of 2nd period - Icing by Dmitry Kulikov.
6:48 of 2nd period - Jean-Gabriel Pageau wins face-off versus Rourke Chartier in Gulls zone.
7:23 of 2nd period - Icing by Lars Eller.
7:24 of 2nd period - Eric Staal wins face-off versus Jean-Gabriel Pageau in Gulls zone.
7:41 of 2nd period - Jesper Fasth is hit by Lars Eller and loses puck.
8:02 of 2nd period - Shot by Linus Olund.
8:02 of 2nd period - Shot Misses the Net.
8:04 of 2nd period - Shot by Linus Olund.
8:04 of 2nd period - Shot Blocked by Zach Bogosian.
8:06 of 2nd period - Shot by Linus Olund.
8:06 of 2nd period - Deflect By Phil Di Giuseppe.
8:06 of 2nd period - Stopped by Alex Lyon without a rebound.
8:07 of 2nd period - Rourke Chartier wins face-off versus TJ Hensick in Sound Tigers zone.
8:16 of 2nd period - Shot by Rourke Chartier.
8:16 of 2nd period - Stopped by Janne Juvonen without a rebound.
8:17 of 2nd period - Linus Olund wins face-off versus Martin Pospisil in Gulls zone.
8:41 of 2nd period - Shot by Martin Pospisil.
8:41 of 2nd period - Shot Blocked by Ryan Shea.
8:43 of 2nd period - Shot by Jimmy Schuldt.
8:43 of 2nd period - Shot Misses the Net.
8:45 of 2nd period - Shot by Brett Ritchie.
8:45 of 2nd period - Shot Blocked by Linus Olund.
8:48 of 2nd period - Martin Pospisil is hit by Lucas Carlsson and loses puck.
9:17 of 2nd period - Shot by Fabian Zetterlund.
9:17 of 2nd period - Shot Misses the Net.
9:19 of 2nd period - Shot by Lars Eller.
9:19 of 2nd period - Stopped by Alex Lyon without a rebound.
9:20 of 2nd period - Jean-Gabriel Pageau wins face-off versus Ryan MacInnis in Sound Tigers zone.
9:39 of 2nd period - Shot by Ryan MacInnis.
9:39 of 2nd period - Shot Misses the Net.
9:41 of 2nd period - Shot by Rourke Chartier.
9:41 of 2nd period - Stopped by Janne Juvonen with a rebound.
9:45 of 2nd period - Shot by Ryan MacInnis.
9:45 of 2nd period - Shot Misses the Net.
10:29 of 2nd period - Shot by Eric Staal.
10:29 of 2nd period - Deflect By Jesper Fasth.
10:29 of 2nd period - Stopped by Janne Juvonen without a rebound.
10:30 of 2nd period - TJ Hensick wins face-off versus Martin Pospisil in Gulls zone.
10:37 of 2nd period - Sam Kurker is hit by Brett Ritchie and loses puck.
10:52 of 2nd period - Shot by Brett Ritchie.
10:52 of 2nd period - Deflect By Martin Pospisil.
10:52 of 2nd period - Stopped by Janne Juvonen without a rebound.
10:53 of 2nd period - Alex Limoges wins face-off versus Jesper Fasth in Gulls zone.
11:01 of 2nd period - Icing by Travis Dermott.
11:02 of 2nd period - Linus Olund wins face-off versus Eric Staal in Sound Tigers zone.
11:02 of 2nd period - Linus Olund is hit by Zach Bogosian.
11:04 of 2nd period - Shot by Lukas Vejdemo.
11:04 of 2nd period - Shot Misses the Net.
11:58 of 2nd period - Off-side.
11:59 of 2nd period - Jean-Gabriel Pageau wins face-off versus Rourke Chartier in neutral zone.
12:19 of 2nd period - Lars Eller is hit by Christian Wolanin and loses puck.
12:29 of 2nd period - Jean-Gabriel Pageau is hit by Christian Wolanin and loses puck.
12:37 of 2nd period - Lars Eller is hit by Christian Wolanin.
13:01 of 2nd period - Jimmy Schuldt is hit by Sam Kurker and loses puck.
13:46 of 2nd period - Shot by Lukas Vejdemo.
13:46 of 2nd period - Shot Misses the Net.
13:48 of 2nd period - Shot by Lukas Vejdemo.
13:48 of 2nd period - Shot Hit the Post.
13:50 of 2nd period - Shot by Alex Limoges.
13:50 of 2nd period - Shot Blocked by Jimmy Schuldt.
13:52 of 2nd period - Shot by Lukas Vejdemo.
13:52 of 2nd period - Shot Misses the Net.
13:54 of 2nd period - Shot by Lukas Vejdemo.
13:54 of 2nd period - Stopped by Alex Lyon with a rebound.
13:56 of 2nd period - Shot by Ryan Shea.
13:56 of 2nd period - Stopped by Alex Lyon without a rebound.
13:57 of 2nd period - Jean-Gabriel Pageau wins face-off versus Jesper Fasth in Sound Tigers zone.
13:57 of 2nd period - Fabian Zetterlund is hit by Zach Bogosian.
14:31 of 2nd period - Shot by Jesper Fasth.
14:31 of 2nd period - Stopped by Janne Juvonen with a rebound.
14:33 of 2nd period - Shot by Zach Bogosian.
14:33 of 2nd period - Shot Misses the Net.
14:35 of 2nd period - Shot by Jesper Fasth.
14:35 of 2nd period - Shot Misses the Net.
14:37 of 2nd period - Shot by Eric Staal.
14:37 of 2nd period - Stopped by Janne Juvonen without a rebound.
14:38 of 2nd period - Alex Limoges wins face-off versus Ryan MacInnis in Gulls zone.
14:47 of 2nd period - Shot by Alex Limoges.
14:47 of 2nd period - Stopped by Alex Lyon without a rebound.
14:48 of 2nd period - Rourke Chartier wins face-off versus Dylan Sikura in Sound Tigers zone.
15:05 of 2nd period - Shot by Rourke Chartier.
15:05 of 2nd period - Stopped by Janne Juvonen without a rebound.
15:06 of 2nd period - Eric Staal wins face-off versus Alex Limoges in Gulls zone.
15:22 of 2nd period - Icing by Gustav Bouramman.
15:23 of 2nd period - Alex Limoges wins face-off versus Ryan MacInnis in Gulls zone.
15:23 of 2nd period - Lukas Vejdemo is hit by Jimmy Vesey and loses puck.
15:25 of 2nd period - Minor Penalty to Ryan MacInnis for Tripping.
15:26 of 2nd period - Joel Armia wins face-off versus Jean-Gabriel Pageau in Sound Tigers zone.
15:26 of 2nd period - Joel Armia is hit by Phil Di Giuseppe.
17:17 of 2nd period - Icing by Mirco Mueller.
17:18 of 2nd period - Jean-Gabriel Pageau wins face-off versus Joel Armia in Gulls zone.
17:41 of 2nd period - Shot by Alex Limoges.
17:41 of 2nd period - Stopped by Alex Lyon without a rebound.
17:42 of 2nd period - TJ Hensick wins face-off versus Martin Pospisil in Sound Tigers zone.
17:59 of 2nd period - Shot by Dylan Sikura.
17:59 of 2nd period - Shot Misses the Net.
18:07 of 2nd period - Shot by Sam Kurker.
18:07 of 2nd period - Stopped by Alex Lyon without a rebound.
18:08 of 2nd period - Ryan MacInnis wins face-off versus Linus Olund in Sound Tigers zone.
18:29 of 2nd period - Shot by Linus Olund.
18:29 of 2nd period - Stopped by Alex Lyon with a rebound.
18:31 of 2nd period - Shot by Lukas Vejdemo.
18:31 of 2nd period - Shot Misses the Net.
18:33 of 2nd period - Shot by Linus Olund.
18:33 of 2nd period - Stopped by Alex Lyon without a rebound.
18:34 of 2nd period - Jean-Gabriel Pageau wins face-off versus Eric Staal in Sound Tigers zone.
18:43 of 2nd period - Shot by Jean-Gabriel Pageau.
18:43 of 2nd period - Stopped by Alex Lyon with a rebound.
18:45 of 2nd period - Shot by Jean-Gabriel Pageau.
18:45 of 2nd period - Stopped by Alex Lyon without a rebound.
18:46 of 2nd period - Rourke Chartier wins face-off versus TJ Hensick in Sound Tigers zone.
18:46 of 2nd period - Rourke Chartier is hit by Sam Kurker.
19:06 of 2nd period - Shot by TJ Hensick.
19:06 of 2nd period - Shot Misses the Net.
19:08 of 2nd period - Shot by Dylan Sikura.
19:08 of 2nd period - Shot Blocked by Travis Dermott.
19:10 of 2nd period - Shot by Dylan Sikura.
19:10 of 2nd period - Shot Blocked by Zach Bogosian.
19:12 of 2nd period - Shot by TJ Hensick.
19:12 of 2nd period - Shot Blocked by Lukas Sedlak.
19:14 of 2nd period - Shot by Dylan Sikura.
19:14 of 2nd period - Stopped by Alex Lyon without a rebound.
19:15 of 2nd period - Eric Staal wins face-off versus Linus Olund in Sound Tigers zone.
19:15 of 2nd period - Eric Staal is hit by Phil Di Giuseppe.
19:20 of 2nd period - Ashton Sautner is hit by Dmitry Kulikov and loses puck.
Goals for this period are 1 for Sound Tigers vs 0 for Gulls.
Shots for this period are 14 for Sound Tigers vs 16 for Gulls.

3rd period


0:01 of 3rd period - Alex Limoges wins face-off versus Eric Staal in neutral zone.
0:34 of 3rd period - Shot by Dalton Smith.
0:34 of 3rd period - Shot Misses the Net.
1:46 of 3rd period - Off-side.
1:47 of 3rd period - TJ Hensick wins face-off versus Rourke Chartier in neutral zone.
2:04 of 3rd period - Shot by Dylan Sikura.
2:04 of 3rd period - Stopped by Alex Lyon without a rebound.
2:05 of 3rd period - Eric Staal wins face-off versus Phil Di Giuseppe in Sound Tigers zone.
2:54 of 3rd period - Minor Penalty to Phil Di Giuseppe for Roughing.
2:54 of 3rd period - Minor Penalty to Joel Armia for Roughing.
2:55 of 3rd period - Alex Limoges wins face-off versus Ryan MacInnis in neutral zone.
4:26 of 3rd period - Shot by Ashton Sautner.
4:26 of 3rd period - Stopped by Janne Juvonen without a rebound.
4:27 of 3rd period - TJ Hensick wins face-off versus Ryan MacInnis in Gulls zone.
5:14 of 3rd period - Linus Olund is hit by Markus Phillips and loses puck.
5:51 of 3rd period - Shot by Fabian Zetterlund.
5:51 of 3rd period - Shot Misses the Net.
5:59 of 3rd period - Shot by Fabian Zetterlund.
5:59 of 3rd period - Stopped by Alex Lyon without a rebound.
6:00 of 3rd period - Jean-Gabriel Pageau wins face-off versus Eric Staal in Sound Tigers zone.
6:20 of 3rd period - Fabian Zetterlund is hit by Travis Dermott and loses puck.
6:40 of 3rd period - Icing by Zach Bogosian.
6:41 of 3rd period - Alex Limoges wins face-off versus Eric Staal in Sound Tigers zone.
6:41 of 3rd period - Mirco Mueller is hit by Zach Bogosian and loses puck.
7:21 of 3rd period - Shot by Rourke Chartier.
7:21 of 3rd period - Shot Misses the Net.
7:23 of 3rd period - Shot by Christian Wolanin.
7:23 of 3rd period - Shot Misses the Net.
7:40 of 3rd period - Icing by Dmitry Kulikov.
7:41 of 3rd period - Martin Pospisil wins face-off versus Alex Limoges in Gulls zone.
8:06 of 3rd period - Shot by Jimmy Schuldt.
8:06 of 3rd period - Stopped by Janne Juvonen without a rebound.
8:07 of 3rd period - Eric Staal wins face-off versus Jean-Gabriel Pageau in Gulls zone.
8:36 of 3rd period - Jean-Gabriel Pageau is hit by Eric Staal and loses puck.
10:33 of 3rd period - Linus Olund is hit by Brett Ritchie and loses puck.
10:47 of 3rd period - Rourke Chartier is hit by Dalton Smith and loses puck.
11:23 of 3rd period - Minor Penalty to Mirco Mueller for Holding.
11:24 of 3rd period - Jean-Gabriel Pageau wins face-off versus Jesper Fasth in Gulls zone.
12:13 of 3rd period - Shot by Lukas Sedlak.
12:13 of 3rd period - Stopped by Janne Juvonen without a rebound.
12:14 of 3rd period - Rourke Chartier wins face-off versus Marcus Kallionkelli in Gulls zone.
12:15 of 3rd period - Shot by Ashton Sautner.
12:15 of 3rd period - Stopped by Janne Juvonen without a rebound.
12:16 of 3rd period - Jean-Gabriel Pageau wins face-off versus Lukas Sedlak in Gulls zone.
12:16 of 3rd period - Jean-Gabriel Pageau is hit by Lukas Sedlak.
12:27 of 3rd period - Off-side.
12:28 of 3rd period - Rourke Chartier wins face-off versus Jean-Gabriel Pageau in neutral zone.
12:49 of 3rd period - Shot by Travis Dermott.
12:49 of 3rd period - Stopped by Janne Juvonen without a rebound.
12:50 of 3rd period - Jean-Gabriel Pageau wins face-off versus Eric Staal in Gulls zone.
12:50 of 3rd period - Jean-Gabriel Pageau is hit by Joel Armia.
13:04 of 3rd period - Shot by Ashton Sautner.
13:04 of 3rd period - Stopped by Janne Juvonen without a rebound.
13:05 of 3rd period - Jean-Gabriel Pageau wins face-off versus Rourke Chartier in Gulls zone.
13:27 of 3rd period - Shot by Ryan MacInnis.
13:27 of 3rd period - Shot Blocked by Alex Limoges.
13:31 of 3rd period - Shot by Martin Pospisil.
13:31 of 3rd period - Goal by Martin Pospisil - Sound Tigers : 4 - Gulls : 2.
13:32 of 3rd period - Alex Limoges wins face-off versus Eric Staal in neutral zone.
13:32 of 3rd period - Lukas Vejdemo is hit by Joel Armia and loses puck.
13:44 of 3rd period - Minor Penalty to Dalton Smith for Hooking.
13:45 of 3rd period - Lukas Sedlak wins face-off versus Jean-Gabriel Pageau in Gulls zone.
13:45 of 3rd period - Travis Dermott is hit by Ryan Shea and loses puck.
14:15 of 3rd period - Lukas Vejdemo is hit by Lukas Sedlak and loses puck.
14:24 of 3rd period - Shot by Lukas Sedlak.
14:24 of 3rd period - Stopped by Janne Juvonen with a rebound.
14:26 of 3rd period - Shot by Zach Bogosian.
14:26 of 3rd period - Shot Misses the Net.
14:36 of 3rd period - Shot by Joel Armia.
14:36 of 3rd period - Shot Misses the Net.
14:38 of 3rd period - Shot by Eric Staal.
14:38 of 3rd period - Stopped by Janne Juvonen with a rebound.
14:42 of 3rd period - Shot by Ashton Sautner.
14:42 of 3rd period - Deflect By Joel Armia.
14:42 of 3rd period - Stopped by Janne Juvonen without a rebound.
14:43 of 3rd period - Joel Armia wins face-off versus Linus Olund in Gulls zone.
14:50 of 3rd period - Shot by Eric Staal.
14:50 of 3rd period - Shot Misses the Net.
14:56 of 3rd period - Shot by Eric Staal.
14:56 of 3rd period - Shot Misses the Net.
15:14 of 3rd period - Shot by Marcus Kallionkelli.
15:14 of 3rd period - Stopped by Alex Lyon without a rebound.
15:15 of 3rd period - Rourke Chartier wins face-off versus Jean-Gabriel Pageau in Sound Tigers zone.
15:48 of 3rd period - Icing by Gustav Bouramman.
15:49 of 3rd period - Eric Staal wins face-off versus Alex Limoges in Gulls zone.
16:00 of 3rd period - Shot by Lukas Vejdemo.
16:00 of 3rd period - Shot Misses the Net.
16:23 of 3rd period - Shot by Eric Staal.
16:23 of 3rd period - Stopped by Janne Juvonen without a rebound.
16:24 of 3rd period - TJ Hensick wins face-off versus Rourke Chartier in Gulls zone.
16:49 of 3rd period - Shot by Sam Kurker.
16:49 of 3rd period - Stopped by Alex Lyon without a rebound.
16:50 of 3rd period - Jean-Gabriel Pageau wins face-off versus Martin Pospisil in Sound Tigers zone.
16:50 of 3rd period - Lars Eller is hit by Christian Wolanin.
16:58 of 3rd period - Shot by Fabian Zetterlund.
16:58 of 3rd period - Stopped by Alex Lyon without a rebound.
16:59 of 3rd period - Eric Staal wins face-off versus Linus Olund in Sound Tigers zone.
17:08 of 3rd period - Shot by Jesper Fasth.
17:08 of 3rd period - Stopped by Janne Juvonen without a rebound.
17:09 of 3rd period - Ryan MacInnis wins face-off versus Jean-Gabriel Pageau in Gulls zone.
17:34 of 3rd period - Shot by Fabian Zetterlund.
17:34 of 3rd period - Stopped by Alex Lyon without a rebound.
17:35 of 3rd period - Eric Staal wins face-off versus Linus Olund in Sound Tigers zone.
17:44 of 3rd period - Shot by Jesper Fasth.
17:44 of 3rd period - Stopped by Janne Juvonen with a rebound.
17:46 of 3rd period - Shot by Jesper Fasth.
17:46 of 3rd period - Stopped by Janne Juvonen without a rebound.
17:47 of 3rd period - Rourke Chartier wins face-off versus Jean-Gabriel Pageau in Gulls zone.
17:52 of 3rd period - Shot by Lukas Sedlak.
17:52 of 3rd period - Shot Misses the Net.
18:02 of 3rd period - Lukas Sedlak is hit by Jean-Gabriel Pageau and loses puck.
18:26 of 3rd period - Shot by Lars Eller.
18:26 of 3rd period - Goal by Lars Eller - Sound Tigers : 4 - Gulls : 3.
18:27 of 3rd period - Eric Staal wins face-off versus Linus Olund in neutral zone.
18:36 of 3rd period - Shot by Ryan Shea.
18:36 of 3rd period - Deflect By Linus Olund.
18:36 of 3rd period - Stopped by Alex Lyon without a rebound.
18:37 of 3rd period - Alex Limoges wins face-off versus Eric Staal in Sound Tigers zone.
18:57 of 3rd period - Icing by Gustav Bouramman.
18:58 of 3rd period - Alex Limoges wins face-off versus Rourke Chartier in Gulls zone.
19:00 of 3rd period - Icing by Lukas Vejdemo.
19:01 of 3rd period - Eric Staal wins face-off versus Alex Limoges in Gulls zone.
19:11 of 3rd period - Icing by Trevor Murphy.
19:12 of 3rd period - Eric Staal wins face-off versus Alex Limoges in Gulls zone.
19:24 of 3rd period - Icing by Gustav Bouramman.
19:25 of 3rd period - Alex Limoges wins face-off versus Eric Staal in Gulls zone.
19:38 of 3rd period - Gulls, Janne Juvonen is pulled from the net.
19:38 of 3rd period - Shot by Lukas Vejdemo.
19:38 of 3rd period - Shot Misses the Net.
Goals for this period are 1 for Sound Tigers vs 1 for Gulls.
Shots for this period are 14 for Sound Tigers vs 8 for Gulls.